 Dungeon Crawl Stone Soup version 0.17.0-23-g0de4337 (webtiles) character file.

3971 SKei0 the Carver (level 10, -9/79 HPs)
             Began as a Formicid Fighter on Nov 13, 2015.
             Was an Elder of the Shining One.
             Mangled by an Executioner (12 damage)
             ... on level 1 of the Abyss.
             The game lasted 00:22:25 (8254 turns).

SKei0 the Carver (Formicid Fighter)                 Turns: 8254, Time: 00:22:25

Health: -9/79      AC: 17    Str: 24    XL:     10   Next: 45%
Magic:  7/10       EV:  7    Int:  8    God:    the Shining One [****..]
Gold:   841        SH: 17    Dex: 10    Spells: 0 memorised, 9 levels left

rFire  . . .     SeeInvis +     a - +1 long sword
rCold  + . .     Clarity  .     x - +0 plate armour
rNeg   + + .     SustAt   .     c - +0 shield
rPois  .         Gourm    .     (helmet unavailable)
rElec  .         Spirit   .     (no cloak)
rCorr  .         Warding  .     E - +0 pair of gloves
rMut   .         Stasis   +     g - +1 pair of boots
MR     +....                    (no amulet)
Stlth  ..........               y - +3 ring of slaying
                                h - ring of protection from cold

@: divine shield, glowing, somewhat resistant to hostile enchantments, extremely
unstealthy
A: permanent stasis, dig shafts and tunnels, four strong arms, antennae 3
a: Dig, Shaft Self, Divine Shield, Cleansing Flame, Renounce Religion


You were on level 1 of the Abyss.
You worshipped the Shining One.
The Shining One was greatly pleased with you.
You were not hungry.

You visited 1 branch of the dungeon, and saw 8 of its levels.
You visited the Abyss 1 time.
You also visited: Ossuary.

You collected 893 gold pieces.
You spent 52 gold pieces at shops.

Inventory:

Hand Weapons
 a - a +1 long sword (weapon)
Armour
 b - a +0 scale mail
 c - a +0 shield (worn)
 g - a +1 pair of boots (worn)
 q - a +0 chain mail
 x - a +0 plate armour (worn)
 E - a +0 pair of gloves (worn)
Jewellery
 h - a ring of protection from cold (left hand)
 y - a +3 ring of slaying (right hand)
Wands
 C - a wand of frost (37)
Scrolls
 f - 2 scrolls of enchant armour
 i - a scroll of recharging
 j - 4 scrolls of identify
 l - a scroll of enchant weapon
 n - a scroll of amnesia
 t - 3 scrolls of fear
 u - a scroll of fog
 z - 2 scrolls of remove curse
Potions
 d - 4 potions of might
 m - 4 potions of curing
 o - a potion of invisibility {unknown}
 p - 2 potions of poison {unknown}
 s - 2 potions of heal wounds {unknown}
 v - 3 potions of cancellation {unknown}
 w - 2 potions of resistance {unknown}
 B - 2 potions of lignification {unknown}
 D - a potion of agility {unknown}
Comestibles
 e - 11 bread rations
 k - 7 chunks of flesh
 r - 2 beef jerkies


   Skills:
 + Level 7.3 Fighting
 * Level 9.4 Long Blades
 * Level 8.1 Armour
 + Level 8.8 Shields


You had 9 spell levels left.
You didn't know any spells.

Dungeon Overview and Level Annotations

Branches:
Dungeon (8/15)             Temple (0/1) D:7
   Lair: D:8-11

Altars:
Dithmenos
Elyvilon
Fedhas
Gozag
Kikubaaqudgha
Trog
Vehumet
Yredelemnul
The Shining One

Shops:
D:5 !   D:8 *

Annotations:
D:8 Psyche


Innate Abilities, Weirdness & Mutations

You are under a permanent stasis effect.
You can dig through walls and to a lower floor.
Your four strong arms can wield two-handed weapons with a shield.
You have a pair of large antennae on your head (SInv).


Message History

A spatial vortex comes into view.
You block the Executioner's attack. x3
The spatial maelstrom hits you! Space bends around you.
You block the spatial maelstrom's attack.
The Executioner hits you!
The Executioner hits you but does no damage.
The Executioner barely misses you.
The fire dragon skeleton bites you but does no damage.
The fire dragon skeleton claws you.
The fire dragon skeleton tramples you but does no damage.
You fail to use your ability.
The Executioner hits you!
* * * LOW HITPOINT WARNING * * *
The Executioner hits you but does no damage.
The Executioner barely misses you. The Executioner hits you!
* * * LOW HITPOINT WARNING * * *
The Executioner hits you but does no damage.
You block the Executioner's attack.
The spatial vortex hits you but does no damage.
The Executioner hits you!
You die...

.. ###.# { {
###...# { {..vv.
##..v { ##. {
v..######## ###
...?.##vv.#v......
. . .
.v.....@1vv.### .
......
###.####Z#..# .
#.## . #...#..# #
# # # ...###.{#
#.#. ##
.{...#....# ##..
.# ...v.{..### § .
.. # .......... .
.. # # .... #.# #
##.#§ .#.# .# # #
. .


You could see a spatial maelstrom, an Executioner, 9 spatial vortices and a fire
dragon skeleton.

Vanquished Creatures
  A smoke demon (Abyss:1)
  A troll (D:6)
  2 hippogriffs (D:8)
  A ynoxinul (Abyss:1)
  A hungry ghost (D:7)
  Menkaure (D:5)
  Edmund (D:5)
  A sky beast (D:6)
  A phantom (D:5)
  2 ogres
  5 ice beasts
  A necrophage (D:6)
  A gnoll sergeant (D:6)
  Blork the orc (D:5)
  3 giant frogs
  5 killer bees
  2 scorpions
  A wyvern skeleton (D:7)
  A crimson imp (D:5)
  2 orc priests
  4 hounds
  Ijyb (D:2)
  2 centaur skeletons
  A giant frog skeleton (D:5)
  An iguana (D:4)
  4 orc wizards
  4 worker ants
  2 killer bee zombies (D:7)
  4 big kobold zombies (Ossuary)
  A hound zombie (D:6)
  A hound skeleton (D:5)
  2 mummies (Ossuary)
  Robin (D:4)
  12 gnolls
  9 adders
  A worker ant zombie (D:6)
  2 shadow imps (D:5)
  An ooze (D:1)
  An adder zombie (D:6)
  4 worms
  5 giant geckos
  25 orcs
  2 ball pythons
  7 giant cockroaches
  12 goblins
  5 hobgoblins
  4 kobolds
  A quokka (D:6)
  9 bats
  3 giant newts
  2 gnoll zombies (Ossuary)
  4 goblin zombies
  2 hobgoblin zombies (Ossuary)
  8 jackals
  3 orc zombies (Ossuary)
  2 quokka zombies
  7 rats
193 creatures vanquished.

Notes
Turn   | Place    | Note
--------------------------------------------------------------
     0 | D:1      | SKei0 the Formicid Fighter began the quest for the Orb.
     0 | D:1      | Reached XP level 1. HP: 18/18 MP: 1/1
   247 | D:1      | Reached XP level 2. HP: 24/24 MP: 2/2
   734 | D:1      | Reached XP level 3. HP: 27/29 MP: 3/3
   782 | D:2      | Reached skill level 4 in Shields
   858 | D:2      | Noticed Ijyb
   883 | D:2      | Killed Ijyb
   883 | D:2      | Reached XP level 4. HP: 27/37 MP: 4/4
  1215 | D:2      | Found a glowing golden altar of the Shining One.
  1243 | D:2      | Became a worshipper of the Shining One
  1338 | D:2      | Reached XP level 5. HP: 35/42 MP: 5/5
  2942 | D:3      | Reached skill level 5 in Shields
  3127 | D:4      | Found a blossoming altar of Fedhas.
  3144 | D:4      | Reached XP level 6. HP: 48/48 MP: 6/6
  3222 | D:4      | Found a sand-covered staircase.
  3240 | Ossuary  | Entered an ossuary
  3244 | Ossuary  | Reached * piety under the Shining One
  3498 | Ossuary  | Reached ** piety under the Shining One
  3695 | D:4      | Reached XP level 7. HP: 33/55 MP: 7/7
  3957 | D:4      | Noticed Robin
  3965 | D:4      | Killed Robin
  3965 | D:4      | Reached skill level 5 in Long Blades
  4441 | D:5      | Entered Level 5 of the Dungeon
  4441 | D:5      | Found Hoogh's Distillery.
  4604 | D:5      | Noticed Blork the orc
  4613 | D:4      | Reached skill level 5 in Fighting
  4613 | D:4      | Reached XP level 8. HP: 52/62 MP: 8/8
  4674 | D:5      | Killed Blork the orc
  4674 | D:5      | Reached skill level 5 in Armour
  4674 | D:5      | Reached skill level 6 in Shields
  4703 | D:5      | Noticed Menkaure
  4710 | D:5      | Killed Menkaure
  4979 | D:5      | Found a basalt altar of Yredelemnul.
  4979 | D:5      | Found a blossoming altar of Fedhas.
  5017 | D:5      | Found a white marble altar of Elyvilon.
  5125 | D:5      | Found a shadowy altar of Dithmenos.
  5428 | D:5      | Noticed Edmund
  5447 | D:5      | Killed Edmund
  5616 | D:6      | Reached *** piety under the Shining One
  5633 | D:6      | Reached skill level 7 in Long Blades
  5633 | D:6      | Reached XP level 9. HP: 64/69 MP: 9/9
  5709 | D:6      | Noticed a troll
  5729 | D:6      | Killed a troll
  6049 | D:6      | Found an ancient bone altar of Kikubaaqudgha.
  6145 | D:6      | Reached skill level 8 in Long Blades
  6788 | D:6      | Found a bloodstained altar of Trog.
  7474 | D:7      | Found a radiant altar of Vehumet.
  7490 | D:7      | Found a staircase to the Ecumenical Temple.
  7508 | D:7      | Reached XP level 10. HP: 77/77 MP: 10/10
  7950 | D:8      | Found Zuipp's Assorted Antiques.
  7955 | D:8      | Bought a scroll labeled OVACWOP TAGUIMP for 26 gold pieces
  7955 | D:8      | Bought a scroll labeled HIANGI ILESOM for 26 gold pieces
  7992 | D:8      | Reached skill level 9 in Long Blades
  8025 | D:8      | Found an opulent altar of Gozag.
  8126 | D:8      | Noticed Psyche
  8129 | D:8      | Cast into the Abyss (Psyche)
  8141 | Abyss:1  | Noticed a smoke demon
  8151 | Abyss:1  | Killed a smoke demon
  8210 | Abyss:1  | Reached **** piety under the Shining One
  8243 | Abyss:1  | Noticed an Executioner
  8252 | Abyss:1  | Noticed a spatial maelstrom
  8254 | Abyss:1  | HP: 3/79 [Executioner (15)]
  8254 | Abyss:1  | Mangled by an Executioner

Action                   |  1- 3 |  4- 6 |  7- 9 | 10-12 || total
-------------------------+-------+-------+-------+-------++-------
Melee: Long sword        |   103 |   216 |   327 |    95 ||   741
Invok: Divine Shield     |       |       |     3 |     1 ||     4
  Use: Potion            |       |     1 |       |       ||     1
       Scroll            |       |       |     1 |    10 ||    11
  Eat: Chunk             |       |     8 |    15 |     2 ||    25
       Meat ration       |       |       |     1 |       ||     1
